 Dungeon Crawl Stone Soup version 0.30-b1-5-g8e6c1be481 (webtiles) character file.

Game seed: 4160092401228820891

882 CrazyBamboolord the Ducker (level 7, -1/58 HPs)
             Began as a White Draconian Artificer on May 4, 2023.
             Slain by a scorpion (5 damage)
             ... on level 6 of the Dungeon.
             The game lasted 00:10:07 (5576 turns).

CrazyBamboolord the Ducker (DrAr)                   Turns: 5576, Time: 00:10:07

Health: -1/58      AC:  9    Str: 15    XL:     7   Next: 76%
Magic:  7/7        EV: 13    Int: 11    God:
Gold:   228        SH:  0    Dex: 13    Spells: 6/6 levels left

rFire   . . .        u - +0 falchion
rCold   + . .        s - orb {light}
rNeg    . . .        (body armour unavailable)
rPois   .            (helmet restricted)
rElec   .            f - +2 cloak
rCorr   .            (no gloves)
SInv    .            (no boots)
Will    .....        (no amulet)
Stlth   +            (no ring)
HPRegen 0.29/turn    (no ring)
MPRegen 0.10/turn

%: no passive effects
@: short of breath, glowing
A: breathe frost, AC +6, unfitting armour, cold resistance 1, cold-blooded
a: Breathe Frost


You were on level 6 of the Dungeon.
You visited 1 branch of the dungeon, and saw 6 of its levels.

You collected 228 gold pieces.

Inventory:

Hand Weapons
 u - a +0 falchion (weapon)
Armour
 f - a +2 cloak (worn)
 s - an orb of light (worn)
Wands
 c - a wand of charming (14) (quivered)
 d - a wand of iceblast (2)
Scrolls
 a - a scroll of silence {unknown}
 e - a scroll of fear
 g - 2 scrolls of teleportation
 h - a scroll of poison
 j - a scroll of enchant weapon {unknown}
 m - a scroll of immolation
 n - a scroll of noise {unknown}
 r - 2 scrolls of summoning {unknown}
Potions
 i - a potion of heal wounds {unknown}
 k - a potion of mutation {unknown}
 l - a potion of curing
 o - a potion of berserk rage {unknown}
 p - 2 potions of haste
 q - 3 potions of brilliance
 t - a potion of degeneration {unknown}


   Skills:
 * Level 3.7 Fighting
 - Level 3.8(4.1) Short Blades
 * Level 2.3(3.4) Long Blades
 * Level 4.7 Dodging
 * Level 2.9 Stealth
 * Level 4.5 Evocations


You had 6 spell levels left.
You didn't know any spells.
Your spell library contained the following spells:

 Spells                   Type           Power      Damage    Failure   Level
 Summon Small Mammal      Summ           0%         N/A       34%         1
 Blink                    Tloc           0%         N/A       47%         2
 Lesser Beckoning         Tloc           0%         N/A       47%         2
 Momentum Strike          Conj/Tloc      0%         3d8       47%         2
 Call Canine Familiar     Summ           0%         N/A       71%         3
 Dazzling Flash           Conj/Hex       0%         N/A       71%         3
 Summon Guardian Golem    Hex/Summ       0%         N/A       71%         3
 Summon Lightning Spire   Summ/Air       0%         N/A       98%         4
 Agony                    Necr           0%         N/A       100%        5
 Silence                  Hex/Air        0%         N/A       100%        5
 Simulacrum               Ice/Necr       0%         N/A       100%        6
 Ozocubu's Refrigeration  Ice            0%         4d7       100%        7
 Storm Form               Tmut/Air       0%         N/A       100%        7
 Maxwell's Capacitive Co  Air            0%         ∞         100%        8
 Chain Lightning          Conj/Air       0%         N/A       100%        9
 Fire Storm               Conj/Fire      0%         5d1       100%        9
 Polar Vortex             Ice            0%         N/A       100%        9
 Shatter                  Erth           0%         3d5*      100%        9


Dungeon Overview and Level Annotations

Branches:
Dungeon (6/15)
 Temple: D:4-7

Altars:
Ashenzari
Gozag
Sif Muna
Uskayaw
Zin

Shops:
D:2 :   D:5 *


Innate Abilities, Weirdness & Mutations

You can breathe waves of freezing cold which knock back foes.
Your icy white scales are hard. (AC +6)
You cannot fit into any form of body armour.
Your flesh is cold resistant. (rC+)
You are cold-blooded and may be slowed by cold attacks.


Message History

The black bear is almost dead.
The scorpion stings you. The black bear closely misses you. x2
The black bear claws you but does no damage.
The scorpion stings you.
Unknown command.
You hit the black bear but do no damage.
The black bear is almost dead.
The scorpion misses you.
The black bear goes berserk!
Unknown command.
You hit the black bear.
The black bear is almost dead.
The black bear bites you but does no damage.
The black bear barely misses you. The black bear misses you.
The scorpion stings you.
* * * LOW HITPOINT WARNING * * *
The black bear misses you.
The black bear claws you but does no damage.
The black bear barely misses you. The scorpion stings you.
* * * LOW HITPOINT WARNING * * *
Aiming: Throw Flame
Press: ? - help, Q - select action, (/) - cycle Shift-Dir - straight line, f/p - black bear
Aim: a black bear (almost dead, berserk, haloed, 87% to hit)
The puff of flame hits the black bear.
The black bear is almost dead.
The now-empty wand crumbles to dust.
The black bear bites you but does no damage.
The black bear claws you but does no damage.
The black bear closely misses you.
The scorpion stings you but does no damage.
Unknown command.
Unknown command.
Aiming: Charm
Press: ? - help, Q - select action, (/) - cycle Shift-Dir - straight line, f - scorpion, p - black bear
Aim: a scorpion (moderately wounded, haloed, chance to affect: 61%)
The scorpion resists with significant effort.
The black bear bites you!
* * * LOW HITPOINT WARNING * * *
The black bear claws you but does no damage. x2
The scorpion stings you.
You die...

....<......# #..
............###...
#............#....
#................
#............... ####
#.............. #..##
#..........#.. ##...##
#...@h.....# #.<...##
#..#.s.....#
##......###.###.....##
#........#..# ###..##
#...........# ###
#..........##
#...........#
#............#
#...........##


You could see a black bear (berserk) and a scorpion.

Vanquished Creatures
  2 water moccasins (D:5)
  An ice beast (D:4)
  A centaur (D:3)
  A bullfrog (D:6)
  A scorpion (D:4)
  2 hounds (D:5)
  2 orc priests
  4 orc wizards
  6 adders
  An ufetubus (D:5)
  4 dart slugs
  12 orcs
  5 bats
  15 endoplasms
  A giant cockroach (D:1)
  4 goblins
  4 hobgoblins
  5 jackals (D:3)
  5 quokkas
  9 ball pythons
  2 frilled lizards
  7 kobolds
  3 rats
97 creatures vanquished.

Vanquished Creatures (others)
  9 plants (D:2)
9 creatures vanquished.

Grand Total: 106 creatures vanquished

Notes
Turn   | Place    | Note
-------+----------+-------------------------------------------
     0 | D:1      | CrazyBamboolord the Draconian Artificer began the quest for
                  | the Orb.
     0 | D:1      | Reached XP level 1. HP: 16/16 MP: 1/1
   186 | D:1      | Reached skill level 1 in Stealth
   327 | D:1      | You fall into a shaft and drop 1 floor!
   335 | D:2      | Reached XP level 2. HP: 23/23 MP: 2/2
  1151 | D:2      | Reached XP level 3. HP: 17/28 MP: 3/3
  1201 | D:2      | Found Zycosch's Book Shoppe.
  1688 | D:2      | Reached skill level 1 in Short Blades
  2271 | D:3      | Reached XP level 4. HP: 35/35 MP: 4/4
  2409 | D:3      | Noticed a centaur
  2425 | D:3      | Killed a centaur
  2426 | D:3      | Reached XP level 5. HP: 26/41 MP: 5/5
  2554 | D:3      | Found an opulent altar of Gozag.
  3627 | D:4      | Found a shimmering blue altar of Sif Muna.
  3637 | D:4      | Reached XP level 6. HP: 48/50 MP: 6/6
  3859 | D:4      | Noticed an ice beast
  3866 | D:4      | Killed an ice beast
  4107 | D:4      | Identified the +10 trident "Toyden" {elec, Int+3 Stlth+}
  4451 | D:5      | Entered Level 5 of the Dungeon
  4633 | D:5      | Your scales start taking on an icy white colour.
  4633 | D:5      | Reached XP level 7. HP: 43/57 MP: 7/7
  4633 | D:5      | Gained mutation: Your flesh is cold resistant. (rC+) [White
                  | Draconian growth]
  4769 | D:5      | Found a broken altar of Ashenzari.
  4810 | D:5      | Found a glowing silver altar of Zin.
  4849 | D:5      | Identified the +0 leather armour of Submission {Will+++
                  | MP+9 Int-3 SInv}
  4886 | D:5      | Found Nyamuil's Serpentskin Sales.
  4901 | D:5      | Reached skill level 1 in Long Blades
  5514 | D:5      | Found a hide-covered altar of Uskayaw.
  5576 | D:6      | Slain by a scorpion

Illustrated notes

Levels and vault maps discovered:
D:1:      mrwooster_arrival_statue_2, layout_basic
D:2:      layout_loops_ring, serial_bayou, serial_bayou_lake_a,
          serial_bayou_pond_b, serial_bayou_pond_a, serial_bayou_crossing,
          serial_shops, nicolae_shop_tiny_statue_garden
D:3:      kb_forest_paths, layout_loops_ring, nicolae_gozag_seed_capital
D:4:      layout_loops_corners, mainiacjoe_overflow_small_starburst
D:5:      layout_basic, nicolae_uskayaw_suspiria, kennysheep_little_box,
          nicolae_ashenzari_panopticon, guppyfry_shop_venom
D:6:      layout_cave_pods, tgw_kikubaaqudgha, minmay_misc_feat_nine_boxes,
          chequers_serial_rivers_small_3, kennysheep_generic_room_10

Skill      XL: |  1  2  3  4  5  6  7 |
---------------+----------------------+-----
Stealth        | 1 2 |  2.9
Short Blades   | 1 2 3 |  3.8
Dodging        | 3 4 |  4.7
Fighting       | 2 3 |  3.7
Evocations     | 4 |  4.5
Long Blades    | 2 |  2.3

Action                     |  1- 3 |  4- 6 |  7- 9 || total
---------------------------+-------+-------+-------++-------
  Melee: Club              |    43 |       |       ||    43
         Tailslap          |    25 |    36 |    17 ||    78
         Dagger            |   173 |   210 |       ||   383
         Punch             |     1 |     1 |       ||     2
         Falchion          |       |    34 |    63 ||    97
Ability: Breathe Frost     |       |       |     5 ||     5
  Evoke: Wand              |     4 |    13 |     2 ||    19
    Use: Scroll            |       |     6 |       ||     6
         Potion            |       |     1 |     1 ||     2
   Stab: Sleeping          |     3 |     3 |       ||     6
 Armour: Skin              |    64 |    84 |    49 ||   197
  Dodge: Dodged            |   144 |   149 |    82 ||   375
